 Dungeon Crawl Stone Soup version 0.20.0-15-g7f486f2 (webtiles) character file.

152 Kosschaser the Chopper (level 5, -2/47 HPs)
             Began as a Hill Orc Berserker on June 29, 2017.
             Was a Believer of Trog.
             Slain by Sigmund
             ... wielding a +2 scythe of protection
              (11 damage)
             ... on level 2 of the Dungeon.
             The game lasted 00:03:37 (1390 turns).

Kosschaser the Chopper (Hill Orc Berserker)         Turns: 1390, Time: 00:03:37

Health: -2/47      AC:  6    Str: 21    XL:     5   Next: 34%
Magic:  5/5        EV: 10    Int:  7    God:    Trog [**....]
Gold:   56         SH:  0    Dex: 10    Spells: 4/4 levels left

rFire    . . .     SeeInvis .   a - +0 hand axe
rCold    + . .     Gourm    .   (no shield)
rNeg     + . .     Faith    .   g - +0 scale mail
rPois    .         Spirit   .   (no helmet)
rElec    .         Reflect  .   (no cloak)
rCorr    .         Harm     .   (no gloves)
MR       .....                  (no boots)
Stlth    ..........             (no amulet)
Regen    0.2/turn               d - ring of protection from cold
MPRegen  0.1/turn               o - ring of positive energy

@: about to teleport, berserk cooldown, slowed, very slow
A: no striking features
a: Berserk, Trog's Hand, Burn Spellbooks, Renounce Religion


You were on level 2 of the Dungeon.
You worshipped Trog.
Trog was pleased with you.
You were near starving.

You visited 1 branch of the dungeon, and saw 2 of its levels.

You collected 56 gold pieces.

Inventory:

Hand Weapons
 a - a +0 hand axe (weapon)
Armour
 g - a +0 scale mail (worn)
Jewellery
 d - a ring of protection from cold (left hand)
 e - a +3 ring of intelligence
 o - a ring of positive energy (right hand)
Scrolls
 f - a scroll of random uselessness {unknown}
 h - 4 scrolls of identify {unknown}
 i - 2 scrolls of teleportation
 k - a scroll of noise {unknown}
 n - 3 scrolls of enchant weapon {unknown}
 r - a scroll of fear {unknown}
 s - a scroll of immolation {unknown}
 t - a scroll of enchant armour {unknown}
 u - a scroll of magic mapping {unknown}
 x - a scroll of fog {unknown}
Potions
 b - a potion of resistance {unknown}
 j - a potion of curing {unknown}
 l - a potion of might {unknown}
 p - 2 potions of lignification {unknown}
 v - a potion of heal wounds {unknown}
 w - 2 potions of berserk rage {unknown}
Comestibles
 c - 2 bread rations
 m - a meat ration
 q - a royal jelly


   Skills:
 + Level 4.8 Fighting
 + Level 5.8 Axes
 + Level 3.2 Armour
 + Level 2.0 Dodging


You had 4 spell levels left.
You didn't know any spells.

Dungeon Overview and Level Annotations

Branches:
Dungeon (2/15)

Altars:
Ashenzari
Cheibriados
Gozag
Okawaru
Qazlal

Annotations:
D:2 Sigmund


Message History

You miss something. Something hits you!
You closely miss something. You miss something. Something hits you!
You closely miss something. You barely miss something.
Something hits you but does no damage.
You closely miss something. You hit something.
Something hits you but does no damage.
You barely miss something.
You are no longer berserk.
You are exhausted.
You feel yourself slow down.
You closely miss something. Something hits you!
You closely miss something. Something hits you!
You miss something. Something hits you but does no damage.
As you read the scroll labeled EHA FELIMI, it crumbles to dust.
You feel strangely unstable.
It was a scroll of teleportation.
Something hits you.
* * * LOW HITPOINT WARNING * * *
Something hits you!
You die...

#.......<†.....# #...
#......#.......# #...
#########......###...
#.......##...
########.......##...
#..........<........
#...{###########....
#....# ######.....
###@######......#...
#.###....#######.#
#.....#### #.#
####### #.. ###


There were no monsters in sight!

Vanquished Creatures
  Jessica (D:2)
  Natasha (thrice) (D:2)
  An ooze (D:2)
  5 dart slugs
  A leopard gecko (D:1)
  4 giant cockroaches
  5 goblins
  6 hobgoblins
  2 jackals (D:1)
  A ball python (D:1)
  2 bats
  A frilled lizard (D:2)
  3 kobolds
  4 rats
39 creatures vanquished.

Notes
Turn   | Place    | Note
-------+----------+-------------------------------------------
     0 | D:1      | Kosschaser the Hill Orc Berserker began the quest for the Orb.
     0 | D:1      | Reached XP level 1. HP: 19/19 MP: 1/1
   161 | D:1      | Reached XP level 2. HP: 16/27 MP: 2/2
   469 | D:1      | Reached XP level 3. HP: 33/33 MP: 3/3
   847 | D:2      | Found an iron altar of Okawaru.
   847 | D:2      | Noticed Natasha
   852 | D:2      | Killed Natasha
   852 | D:2      | Reached ** piety under Trog
   852 | D:2      | Reached skill level 5 in Axes
   852 | D:2      | Reached XP level 4. HP: 31/41 MP: 4/4
   878 | D:2      | Found a stormy altar of Qazlal.
   880 | D:2      | Noticed a fire elemental
   881 | D:2      | Noticed an earth elemental
   881 | D:2      | Noticed an air elemental
   881 | D:2      | Noticed a water elemental
   891 | D:2      | Noticed Natasha
   893 | D:2      | Noticed Jessica
   904 | D:2      | Killed Natasha
   909 | D:2      | Noticed Natasha
   926 | D:2      | Killed Natasha
   931 | D:2      | Killed Jessica
   931 | D:2      | Reached XP level 5. HP: 14/47 MP: 5/5
  1031 | D:2      | Found a snail-covered altar of Cheibriados.
  1230 | D:2      | Found an opulent altar of Gozag.
  1282 | D:2      | Found a shattered altar of Ashenzari.
  1371 | D:2      | Noticed Sigmund
  1390 | D:2      | Slain by Sigmund

Skill      XL: |  1  2  3  4 |
---------------+-------------+-----
Fighting       | 4 |  4.8
Axes           | 5 |  5.8
Dodging        | 2 |  2.0
Armour         | 3 |  3.2

Action                   |  1- 3 |  4- 6 || total
-------------------------+-------+-------++-------
Melee: Hand axe          |    61 |    66 ||   127
Invok: Berserk           |       |     2 ||     2
       Trog's Hand       |       |     1 ||     1
  Use: Scroll            |       |     1 ||     1
  Eat: Chunk             |       |     2 ||     2
Armor: Animal skin       |     2 |       ||     2
       Scale mail        |    34 |    42 ||    76
Dodge: Dodged            |    36 |    35 ||    71
